Unix NetHack Version 5.0.0-0 post-release - last build Jun 10 2026 00:39:30 (3ee93aec679c4c4259841fe613dc97188e26a321,branch:main).

Game began 2026-06-18 21:15:00, ended 2026-06-18 21:37:20.

Brudee, chaotic female human Rogue

          ---  --------                      -----
          |..  .......|                      |<..|#
         #...  ...$...|                     #-...-#
         #|...........+                   ###|.).|#      ----------
         #|...........|                   #  |...|#######.........|
         #------|------                   #  ....|#      |........|
         ###    #                      ####  -----#     #-........|
           :    #                      #         ##     #|........|
           #    ##                     #         #      #|........|
           #     ##                    #         #    ###|........|
 ----------#      #         ---------- #       ###    #  ----------
 |*...[*..-#      #         |.[......| #       #----- #
 |.*..@@..|       ##       #.........-##       #|...| #
 |.%)[.`(.|     ---.-  #####|........|         #.>..| #
 ----------     |....###    |........|          |..(.##
                |...|       |........|          |...|
                |.F.|       ----------          -----
                -----

Brudee the Cutpurse     St:16 Dx:18 Co:10 In:11 Wi:12 Ch:8  Chaotic S:446
Dlvl:4  $:0  HP:0(23) Pw:17(17) AC:4  Xp:3/64 T:2263 

Latest messages:
 What do you want to read? [*] <space>
 Never mind.
 What do you want to put on? [hNW or ?*] N
 N - a hexagonal amulet (being worn).
 What do you want to write with? [- abhilKOVWZ or ?*] -
 You write in the dust with your fingertip.
 What do you want to write in the dust here? flip
 What do you want to write with? [- abhilKOVWZ or ?*] ?
 "Ahem.  Usage fee, 77 zorkmids."
 This maple wand is a wand of fire!
 You wipe out the message that was written in the dust here.
 You burn into the floor with a wand of fire (unpaid, 311 zorkmids).
 What do you want to burn into the floor here? Elbereth
 Flames fly from the wand.
 What do you want to zap? [V or ?*] V
 "Hey!  Usage fee, 58 zorkmids."
 In what direction? u
 The bolt of fire bounces!
 What do you want to zap? [V or ?*] V
 "Hey!  Usage fee, 58 zorkmids."
 In what direction? u
 The bolt of fire bounces!
 You don't know any spells right now.
 What do you want to zap? [V or ?*] V
 "Usage fee, 58 zorkmids."
 In what direction? u
 The bolt of fire bounces!
 The bolt of fire hits Abitibi!
 Abitibi gets angry!
 You hear a nearby zap.
 The wand misses you.
 What do you want to zap? [V or ?*] V
 "Hey!  Usage fee, 77 zorkmids."
 In what direction? l
 Abitibi's milky potion boils and explodes!
 Abitibi's orange potion boils and explodes!
 The bolt of fire hits Abitibi!
 Abitibi zaps a crystal wand!
 The wand hits you!
 What do you want to zap? [V or ?*] V
 "Usage fee, 311 zorkmids."
 In what direction? l
 The bolt of fire hits Abitibi!
 The bolt of fire misses Abitibi.
 The bolt of fire hits you!
 Your leather armor smoulders!
 You die...
 Abitibi takes all your possessions.
 Do you want to see what you had when you died? [ynq] (y) y
 Do you want to see your attributes? [ynq] (y) q

Inventory:
 Amulets  ('"')
  N - an uncursed amulet of ESP (being worn)
 Weapons  (')')
  K - 6 +0 elven arrows
  O - a +0 sling
  b - a +0 dagger (alternate weapon; not wielded)
  l - 14 +0 daggers (at the ready)
  i - a +0 long sword
  a - a +0 short sword (weapon in right hand)
 Armor    ('[')
  y - an uncursed +0 pair of fumble boots
  U - an uncursed +2 pair of water walking boots (being worn)
  c - an uncursed burnt +1 leather armor (being worn)
 Potions  ('!')
  T - an uncursed potion of gain ability
  Q - a blessed potion of gain level
  X - an uncursed potion of healing
  g - a blessed potion of invisibility
  Y - an uncursed potion of restore ability
  G - an uncursed potion of sleeping
  d - an uncursed potion of water
  x - an uncursed potion of water
 Rings    ('=')
  W - an uncursed ring of regeneration
  h - an uncursed ring of teleport control
 Wands    ('/')
  V - a wand of fire (0:0)
 Tools    ('(')
  f - an empty uncursed sack
  j - a cursed brass lantern
  e - an uncursed lock pick
 Gems/Stones  ('*')
  Z - an uncursed worthless piece of white glass

Brudee the Rogue's attributes:

Background:
 You were a Cutpurse, a level 3 female human Rogue.
 You were chaotic, on a mission for Kos
 who was opposed by Issek (lawful) and Mog (neutral).
 You were right-handed.
 You were in the Dungeons of Doom, on level 4.
 You entered the dungeon 2263 turns ago.
 You had 64 experience points, 16 more were needed to attain level 4.
 Your score was 446 before end-of-game adjustments.

Basics:
 You had 0 out of 23 hit points.
 You had all 17 energy points (spell power).
 Your armor class was 5.
 Your wallet was empty.
 Autopickup was on, but temporarily disabled while inside the shop.

Final Characteristics:
 Your strength was 16 (limit:18/100).
 Your dexterity was 18 (limit:18).
 Your constitution was 10 (limit:18).
 Your intelligence was 11 (limit:18).
 Your wisdom was 12 (limit:18).
 Your charisma was 8 (limit:18).

Final Status:
 You weren't hungry.
 You were unencumbered.
 You were wielding a short sword.
 You had basic skill with short sword.

Final Attributes:
 You were devoutly aligned.
 You were telepathic.
 You would have confused monsters when hitting them.
 You were stealthy.
 You aggravated monsters.
 You could walk on water.
 You were warded.
 You were unlucky.
 You are dead.

Miscellaneous:
 You didn't encounter any bones levels.
 Total elapsed playing time was 22 minutes and 19 seconds.

Major events:
 Turn
    1: Brudee the chaotic female human Rogue entered the dungeon
  945: attained the rank of Cutpurse (level 3)
 2263: killed by a bolt of fire zapped by herself

You didn't know any spells.

Skills:
 Fighting Skills
   bare handed combat [Unskilled]
   two weapon combat  [Unskilled]
   riding             [Unskilled]
 Weapon Skills
   dagger             [Basic]
   knife              [Unskilled]
   short sword        [Basic]
   broadsword         [Unskilled]
   long sword         [Unskilled]
   two-handed sword   [Unskilled]
   saber              [Unskilled]
   club               [Unskilled]
   mace               [Unskilled]
   morning star       [Unskilled]
   flail              [Unskilled]
   hammer             [Unskilled]
   polearms           [Unskilled]
   spear              [Unskilled]
   crossbow           [Unskilled]
   dart               [Unskilled]
   shuriken           [Unskilled]
 Spellcasting Skills
   divination spells  [Unskilled]
   escape spells      [Unskilled]
   matter spells      [Unskilled]

Voluntary challenges:
 Character rerolling was not enabled.
 You never genocided any monsters.
 You never polymorphed an object.
 You never changed form.
 You used no wishes.
Achievements:
 You entered a shop.
 You attained the rank of Cutpurse.

 The Dungeons of Doom: levels 1 to 4
    Level 1:
       A fountain.
    Level 2:
       A general store, an altar, many fountains.
    Level 3:
       Some fountains.
    Level 4: <- You were here.
       A general store.
       Final resting place for
          you, killed by a bolt of fire zapped by yourself.


Vanquished creatures:
  a little dog
 an acid blob
  a coyote
  2 brown molds
  2 yellow molds
  3 geckos
  4 jackals
  a fox
  a goblin
  3 sewer rats
  2 grid bugs
  3 lichens
  4 kobold zombies
  3 newts
31 creatures vanquished.

No species were genocided or became extinct.

Game over:
                       ----------
                      /          \
                     /    REST    \
                    /      IN      \
                   /     PEACE      \
                  /                  \
                  |      Brudee      |
                  |       0 Au       |
                  | killed by a bolt |
                  |  of fire zapped  |
                  |    by herself    |
                  |                  |
                  |       2026       |
                 *|     *  *  *      | *
        _________)/\\_//(\/(/\)/\//\/|_)_______

Goodbye Brudee the Rogue...

You died in The Dungeons of Doom on dungeon level 4 with 446 points,
and 0 pieces of gold, after 2263 moves.
You were level 3 with a maximum of 23 hit points when you died.

